 Dungeon Crawl Stone Soup version 0.23-a0-338-g8ff0b24 (webtiles) character file.

3602 Mgcat the Destroyer (level 10, -1/50 HPs)
             Began as a Tengu Conjurer on Oct 18, 2018.
             Was a Follower of Vehumet.
             Slain by an unseen horror (7 damage)
             ... on level 7 of the Dungeon.
             The game lasted 00:15:49 (8839 turns).

Mgcat the Destroyer (Tengu Conjurer)                Turns: 8839, Time: 00:15:50

Health: -1/50      AC:  4    Str: 14    XL:     10   Next: 10%
Magic:  9/24       EV: 13    Int: 18    God:    Vehumet [*.....]
Gold:   383        SH:  0    Dex: 15    Spells: 14/27 levels left

rFire    x . .     SeeInvis .   g - +5 short sword (speed)
rCold    + . .     Gourm    .   (no shield)
rNeg     + . .     Faith    .   a - +0 robe
rPois    .         Spirit   .   (helmet restricted)
rElec    .         Reflect  .   u - +0 cloak
rCorr    .         Harm     .   l - +0 pair of gloves
MR       .....                  (boots unavailable)
Stlth    ++........             (no amulet)
HPRegen  0.16/turn              r - ring of ice {rC+, rF-}
MPRegen  0.19/turn              x - ring "Regafin" {+Fly rN+}

@: mighty
A: beak, talons 3, able to fly 1
a: Fly, Renounce Religion, Evoke Flight


You were on level 7 of the Dungeon.
You worshipped Vehumet.
Vehumet was aware of your devotion.
You were hungry.

You visited 2 branches of the dungeon, and saw 8 of its levels.

You collected 383 gold pieces.

Inventory:

Hand Weapons
 g - a +5 short sword of speed (weapon)
   (You took it off a kobold on level 1 of the Dungeon)
Missiles
 t - 4 throwing nets {=f, !d}
Armour
 a - a +0 robe (worn)
 l - a +0 pair of gloves (worn)
   (You found it on level 4 of the Dungeon)
 u - a +0 cloak (worn)
   (You took it off Crazy Yiuf on level 5 of the Dungeon)
Magical Staves
 b - an uncursed staff of poison {unknown}
   (You found it on level 6 of the Dungeon)
Jewellery
 r - a ring of ice (left hand) {rC+, rF-}
   (You found it on level 4 of the Dungeon)
 x - the ring "Regafin" (right hand) {+Fly rN+}
   (You found it on level 7 of the Dungeon)

   [ring of positive energy]

   It protects you from negative energy.
   It lets you fly.
Scrolls
 e - 8 scrolls of teleportation
 j - 2 scrolls of fear
 o - 2 scrolls of remove curse
 w - a scroll of identify
Potions
 d - a potion of invisibility {unknown}
 f - 5 potions of heal wounds {unknown}
 h - a potion of cancellation {unknown}
 i - 3 potions of curing {unknown}
 k - a potion of resistance {unknown}
 m - 2 potions of might
 n - a potion of ambrosia {unknown}
 p - a potion of agility {unknown}
 q - a potion of brilliance {unknown}
 s - 4 potions of mutation {unknown}
Comestibles
 c - 13 rations


   Skills:
 - Level 2.1 Dodging
 - Level 2.0 Stealth
 + Level 9.4 Spellcasting
 + Level 13.4 Conjurations
 + Level 1.1 Poison Magic


You had 14 spell levels left.
You knew the following spells:

 Your Spells              Type           Power        Failure   Level  Hunger
a - Magic Dart            Conj           ####         1%          1    None
b - Searing Ray           Conj           ######       1%          2    None
c - Iskenderun's Mystic   Conj           ######..     1%          4    ###....
d - Sandblast             Erth           #.....       9%          1    None
e - Venom Bolt            Conj/Pois      ####......   12%         5    #####..

Your spell library contained the following spells:

 Spells                   Type           Power        Failure   Level  Hunger
 Sting                    Conj/Pois      ####         1%          1    None
 Dazzling Spray           Conj/Hex       ####..       1%          3    None
 Mephitic Cloud           Conj/Pois/Air  ####....     3%          3    None
 Force Lance              Conj/Tloc      ####....     5%          4    ###....
 Fulminant Prism          Conj/Hex       ####......   5%          4    ###....
 Poisonous Vapours        Pois/Air       ##....       10%         2    None
 Olgreb's Toxic Radiance  Pois           ##......     45%         4    ###....


Dungeon Overview and Level Annotations

Branches:
Dungeon (7/15)             Temple (1/1) D:4

Altars:
Ashenzari
Cheibriados
Elyvilon
Gozag
Hepliaklqana
Kikubaaqudgha
Makhleb
Nemelex Xobeh
Okawaru
Qazlal
Ru
Sif Muna
Uskayaw
Vehumet
Xom
Yredelemnul
Zin
The Shining One
Jiyva

Annotations:
D:4 2 transporters


Innate Abilities, Weirdness & Mutations

You have a beak for a mouth.
You have claws for feet.
You can fly.


Message History

You can't see any susceptible monsters within range! (Use Z to cast anyway.) Unknown command.
Casting: Iskenderun's Mystic Blast (safe; 1% risk of failure)
Confirm with . or Enter, or press ? or * to list all spells.
Aiming: Magic Dart (safe; 1% risk of failure)
Press: ? - help, Shift-Dir - straight line, f - scorpion
Aim: a scorpion (resting)
The magic dart hits the scorpion.
The scorpion is moderately wounded.
Casting: Magic Dart (safe; 1% risk of failure)
Confirm with . or Enter, or press ? or * to list all spells.
Aiming: Magic Dart (safe; 1% risk of failure)
Press: ? - help, Shift-Dir - straight line, f/p - scorpion
Aim: a scorpion (moderately wounded)
The magic dart hits the scorpion.
The scorpion is severely wounded.
Casting: Magic Dart (safe; 1% risk of failure)
Confirm with . or Enter, or press ? or * to list all spells.
Aiming: Magic Dart (safe; 1% risk of failure)
Press: ? - help, Shift-Dir - straight line, f/p - scorpion
Aim: a scorpion (severely wounded)
The magic dart hits the scorpion.
The scorpion is severely wounded.
Some of the chunks of flesh in your inventory have rotted away.
Casting: Magic Dart (safe; 1% risk of failure)
Confirm with . or Enter, or press ? or * to list all spells.
Aiming: Magic Dart (safe; 1% risk of failure)
Press: ? - help, Shift-Dir - straight line, f/p - scorpion
Aim: a scorpion (severely wounded)
The magic dart hits the scorpion.
The scorpion is severely wounded.
Casting: Magic Dart (safe; 1% risk of failure)
Confirm with . or Enter, or press ? or * to list all spells.
Aiming: Magic Dart (safe; 1% risk of failure)
Press: ? - help, Shift-Dir - straight line, f/p - scorpion
Aim: a scorpion (severely wounded)
The magic dart hits the scorpion.
The scorpion is almost dead.
Casting: Magic Dart (safe; 1% risk of failure)
Confirm with . or Enter, or press ? or * to list all spells.
Aiming: Magic Dart (safe; 1% risk of failure)
Press: ? - help, Shift-Dir - straight line, f/p - scorpion
Aim: a scorpion (almost dead)
The magic dart hits the scorpion.
You kill the scorpion!
Vehumet accepts your kill.
You feel your power returning.
Casting: Magic Dart (safe; 1% risk of failure)
Confirm with . or Enter, or press ? or * to list all spells.
You can't see any susceptible monsters within range! (Use Z to cast anyway.)
Casting: Magic Dart (safe; 1% risk of failure)
Confirm with . or Enter, or press ? or * to list all spells.
You can't see any susceptible monsters within range! (Use Z to cast anyway.) Key pressed, stopping explore.
w - a scroll of identify Key pressed, stopping explore.
x - a shimmering golden ring Put on which piece of jewellery? (? for menu, Esc to quit)
x - the ring "Regafin" (right hand) {+Fly rN+} Key pressed, stopping explore.
Key pressed, stopping explore.
Key pressed, stopping explore.
All of the chunks of flesh in your inventory have rotted away.
Something hits you!
Deactivating autopickup; reactivate with Ctrl-A.
A worker ant comes into view.
Something hits you. Something hits you but does no damage.
Something barely misses you. Something hits you!
Something hits you but does no damage.
Casting: Magic Dart (safe; 1% risk of failure)
Confirm with . or Enter, or press ? or * to list all spells.
Aiming: Iskenderun's Mystic Blast (safe; 1% risk of failure)
Press: ? - help, Shift-Dir - straight line The orb of energy explodes!
Something hits you.
Casting: Iskenderun's Mystic Blast (safe; 1% risk of failure)
Confirm with . or Enter, or press ? or * to list all spells.
Aiming: Iskenderun's Mystic Blast (safe; 1% risk of failure)
Press: ? - help, Shift-Dir - straight line The orb of energy hits something.
The orb of energy explodes!
Something barely misses you.
Casting: Iskenderun's Mystic Blast (safe; 1% risk of failure)
Confirm with . or Enter, or press ? or * to list all spells.
Aiming: Iskenderun's Mystic Blast (safe; 1% risk of failure)
Press: ? - help, Shift-Dir - straight line The orb of energy explodes!
You are feeling hungry.
Something hits you.
Casting: Iskenderun's Mystic Blast (safe; 1% risk of failure)
Confirm with . or Enter, or press ? or * to list all spells.
Aiming: Iskenderun's Mystic Blast (safe; 1% risk of failure)
Press: ? - help, Shift-Dir - straight line The orb of energy hits something.
The orb of energy explodes!
Something hits you.
* * * LOW HITPOINT WARNING * * *
You feel very mighty all of a sudden. Something hits you!
* * * LOW HITPOINT WARNING * * *
Something hits you!
You die...

#. #. #a. ##
##.. # #).# #..#
#?.# #####..# #
#.@....# ##
###....# ##.
##...### ###.#
##....######..##
#............#
#..#######..##
#..## #### #...#
....## #####


There were no monsters in sight!

Vanquished Creatures
  Harold (D:7)
  Grinder (D:5)
  Edmund (D:6)
  An orc warrior (D:6)
  An ice beast (D:5)
  A phantom (D:5)
  6 ogres
  2 centaurs
  5 bullfrogs
  A wyvern skeleton (D:6)
  2 scorpions
  3 crimson imps
  A centaur zombie (D:3)
  2 howler monkeys
  2 bullfrog zombies
  3 hounds
  Crazy Yiuf (D:5)
  A centaur skeleton (D:5)
  3 orc priests
  A bullfrog skeleton (D:6)
  8 orc wizards
  2 iguanas
  5 worker ants
  A hound skeleton (D:5)
  5 adders
  A howler monkey skeleton (D:5)
  3 shadow imps
  An adder skeleton (D:7)
  3 worms
  3 dart slugs
  8 leopard geckos
  29 orcs
  4 giant cockroaches
  6 goblins
  8 hobgoblins
  5 jackals
  2 quokkas
  4 ball pythons
  5 bats (D:2)
  2 frilled lizards (D:1)
  5 kobolds
  A quokka zombie (D:6)
  8 rats
158 creatures vanquished.

Notes
Turn   | Place    | Note
-------+----------+-------------------------------------------
     0 | D:1      | Mgcat the Tengu Conjurer began the quest for the Orb.
     0 | D:1      | Reached XP level 1. HP: 10/10 MP: 4/4
   155 | D:1      | Reached XP level 2. HP: 15/15 MP: 1/6
   218 | D:1      | Learned a level 2 spell: Searing Ray
   682 | D:1      | Reached XP level 3. HP: 16/19 MP: 4/7
   850 | D:1      | Reached skill level 6 in Conjurations
  1051 | D:2      | Found a hide-covered altar of Uskayaw.
  1171 | D:2      | Found a sparkling altar of Nemelex Xobeh.
  1171 | D:2      | Found a glowing golden altar of the Shining One.
  1178 | D:2      | Found a faded altar of an unknown god.
  1180 | D:2      | Found a hazy altar of Hepliaklqana.
  1181 | D:2      | Found a faded altar of an unknown god.
  1645 | D:2      | Reached skill level 3 in Spellcasting
  1718 | D:2      | Reached XP level 4. HP: 24/24 MP: 3/9
  2402 | D:3      | Found a burning altar of Makhleb.
  2411 | D:3      | Gained mutation: You can fly. [Tengu growth]
  2411 | D:3      | Reached XP level 5. HP: 28/28 MP: 4/11
  2453 | D:3      | Reached skill level 7 in Conjurations
  2529 | D:3      | Found a stormy altar of Qazlal.
  2709 | D:3      | Found a shattered altar of Ashenzari.
  2834 | D:3      | Reached skill level 4 in Spellcasting
  2958 | D:3      | Reached XP level 6. HP: 16/32 MP: 8/13
  2960 | D:3      | HP: 8/32 [orc/+0 falchion (8)]
  3721 | D:4      | Learned a level 4 spell: Iskenderun's Mystic Blast
  3746 | D:4      | Reached skill level 8 in Conjurations
  3880 | D:4      | Found a shimmering altar of Xom.
  4124 | D:4      | Found a sacrificial altar of Ru.
  4126 | D:4      | Reached XP level 7. HP: 36/36 MP: 6/15
  4127 | D:4      | Reached skill level 5 in Spellcasting
  4245 | D:4      | Found a staircase to the Ecumenical Temple.
  4252 | Temple   | Entered the Ecumenical Temple
  4400 | Temple   | Became a worshipper of Vehumet
  4495 | D:4      | Reached skill level 9 in Conjurations
  4747 | D:4      | Found a transporter.
  5099 | D:4      | Found a transporter.
  5256 | D:5      | Entered Level 5 of the Dungeon
  5265 | D:5      | Reached skill level 6 in Spellcasting
  5265 | D:5      | Reached XP level 8. HP: 41/41 MP: 8/18
  5495 | D:5      | Noticed Grinder
  5499 | D:5      | Killed Grinder
  5499 | D:5      | Reached skill level 10 in Conjurations
  6000 | D:5      | Found a runed door.
  6076 | D:5      | Reached skill level 7 in Spellcasting
  6078 | D:5      | Reached * piety under Vehumet
  6078 | D:5      | Offered knowledge of Sandblast by Vehumet.
  6081 | D:5      | Learned a level 1 spell: Sandblast
  6277 | D:5      | Reached skill level 11 in Conjurations
  6414 | D:5      | Noticed Crazy Yiuf
  6418 | D:5      | Killed Crazy Yiuf
  6701 | D:6      | Reached XP level 9. HP: 36/45 MP: 1/21
  7213 | D:6      | Reached skill level 8 in Spellcasting
  7220 | D:6      | Noticed Edmund
  7303 | D:6      | Killed Edmund
  7303 | D:6      | Reached skill level 12 in Conjurations
  8450 | D:7      | Noticed Harold
  8458 | D:7      | Killed Harold
  8458 | D:7      | Reached skill level 9 in Spellcasting
  8458 | D:7      | Reached skill level 13 in Conjurations
  8458 | D:7      | Reached XP level 10. HP: 39/50 MP: 4/24
  8544 | D:6      | Learned a level 5 spell: Venom Bolt
  8651 | D:7      | Reached skill level 1 in Poison Magic
  8760 | D:7      | Got a shimmering golden ring
  8761 | D:7      | Identified the ring "Regafin" {+Fly rN+} (You found it on
                  | level 7 of the Dungeon)
  8837 | D:7      | HP: 12/50 [something (5)]
  8839 | D:7      | Slain by an unseen horror

Vault maps used:
D:1:      nicolae_arrival_washed_ashore
D:2:      kennysheep_big_flooded_room, nicolae_overflow_crystal_walls,
          chequers_temple_overflow_minitemple, nicolae_underground_beach
D:3:      gammafunk_temple_overflow_statue, lemuel_doored_altar
D:4:      gammafunk_wand_slinger, lemuel_round_altar, lemuel_crystal_altar,
          temple_green, first_ration
D:5:      uniq_grinder, uniq_crazy_yiuf_cottage
D:6:      uniq_edmund
D:7:      uniq_harold
Temple:   pf_slime_end_temple

Skill      XL: |  1  2  3  4  5  6  7  8  9 10 |
---------------+-------------------------------+-----
Conjurations   | 6 7 8 9 11 13 | 13.4
Spellcasting   | 3 4 6 7 9 |  9.4
Poison Magic   | 1 |  1.1
Dodging        | |  2.1
Stealth        | |  2.0

Action                   |  1- 3 |  4- 6 |  7- 9 | 10-12 || total
-------------------------+-------+-------+-------+-------++-------
Melee: Short sword       |       |     7 |    23 |       ||    30
       Peck              |       |     2 |     1 |       ||     3
       Kick              |       |       |     5 |       ||     5
 Cast: Magic Dart        |    97 |    78 |    82 |     8 ||   265
       Searing Ray       |     1 |     8 |     7 |       ||    16
       Iskenderun's Myst |       |     9 |    88 |    10 ||   107
 Abil: Fly               |       |     1 |       |       ||     1
  Use: Scroll            |       |       |     8 |     1 ||     9
       Potion            |       |       |       |     1 ||     1
  Eat: Chunk             |     3 |     9 |    17 |     2 ||    31
       Ration            |       |       |     2 |       ||     2
Armor: Robe              |       |     4 |     6 |     3 ||    13
Dodge: Dodged            |     6 |    21 |    29 |     2 ||    58

Table legend:
 A = Non-vault XP
 B = Vault XP
 C = Vault XP percentage of total XP
 D = Non-vault monster count
 E = Vault monster count
 F = Vault count percentage of total count
                 A         B        C        D         E       F
            +---------+---------+-------+---------+---------+-------
      Total |    3618 |    1528 |  29.7 |     152 |       6 |   3.8
            +---------+---------+-------+---------+---------+-------
        D:1 |      39 |       0 |   0.0 |      23 |       0 |   0.0
        D:2 |      59 |       3 |   4.8 |      22 |       2 |   8.3
        D:3 |     245 |       0 |   0.0 |      27 |       0 |   0.0
        D:4 |     956 |       0 |   0.0 |      24 |       0 |   0.0
        D:5 |     544 |     336 |  38.2 |      14 |       2 |  12.5
        D:6 |    1153 |     166 |  12.6 |      26 |       1 |   3.7
        D:7 |     619 |    1023 |  62.3 |      15 |       1 |   6.2
     Temple |       3 |       0 |   0.0 |       1 |       0 |   0.0
            +---------+---------+-------+---------+---------+-------

Vault maps used:
D:1:      nicolae_arrival_washed_ashore
D:2:      kennysheep_big_flooded_room, nicolae_overflow_crystal_walls,
          chequers_temple_overflow_minitemple, nicolae_underground_beach
D:3:      gammafunk_temple_overflow_statue, lemuel_doored_altar
D:4:      gammafunk_wand_slinger, lemuel_round_altar, lemuel_crystal_altar,
          temple_green, first_ration
D:5:      uniq_grinder, uniq_crazy_yiuf_cottage
D:6:      uniq_edmund
D:7:      uniq_harold
Temple:   pf_slime_end_temple

Table legend:
 A = Turns spent in this place as a percentage of turns spent in the entire game.
 B = Non-inter-level travel turns spent in this place as a percentage of non-inter-level travel turns spent in the entire game.
 C = Inter-level travel turns spent in this place as a percentage of turns spent in this place.
 D = Turns resting spent in this place as a percentage of non-inter-level travel turns spent in this place.
 E = Turns spent auto-exploring this place as a percentage of non-inter-level travel turns spent in this place.
 F = Non-inter-level travel turns spent in this place divided by the number of levels of this place that you've seen.
                   A       B       C       D       E      F
               +-------+-------+-------+-------+-------+----------------------
         Total | 100.0 | 100.0 |   3.4 |   5.4 |  83.3 | 1066.9
       Dungeon |  97.2 |  97.4 |   3.2 |   5.6 |  82.9 | 1187.0
        Temple |   2.8 |   2.6 |  10.0 |   0.0 |  96.5 | 226.0
               +-------+-------+-------+-------+-------+----------------------

Table legend:
 A = Kills in this place as a percentage of kills in entire the game.
 B = Kills by you in this place as a percentage of kills by you in the entire game.
 C = Kills by friends in this place as a percentage of kills by friends in the entire game.
 D = Other kills in this place as a percentage of other kills in the entire game.
 E = Experience gained in this place as a percentage of experience gained in the entire game.
 F = Experience gained in this place divided by the number of levels of this place that you have seen.
                   A       B       C       D       E      F
               +-------+-------+-------+-------+-------+----------------------
         Total | 100.0 | 100.0 |   N/A |   N/A | 100.0 | 643.2
       Dungeon |  99.4 |  99.4 |   N/A |   N/A |  99.9 | 734.7
        Temple |   0.6 |   0.6 |   N/A |   N/A |   0.1 |   3.0
               +-------+-------+-------+-------+-------+----------------------
